 Dungeon Crawl Stone Soup version 0.25.0-9-g26727b657a (webtiles) character file.

Game seed: 415679574119484731

115108 Esekla the Thaumaturge (level 16, -3/72 HPs)
             Began as a Spriggan Necromancer on June 17, 2020.
             Was a High Priest of Sif Muna.
             Slain by Agnes
             ... wielding a +0 lajatang
              (20 damage)
             ... on level 1 of the Spider Nest.
             The game lasted 05:25:51 (31773 turns).

Esekla the Thaumaturge (Spriggan Necromancer)      Turns: 31773, Time: 05:25:52

Health: -3/72      AC:  8    Str:  6      XL:     16   Next: 17%
Magic:  6/35       EV: 32    Int: 20 (21) God:    Sif Muna [*****.]
Gold:   1943       SH:  0    Dex: 24      Spells: 11/44 levels left

rFire    . . .     SeeInvis +   s - +8 whip "Snakebite" {curare, rPois}
rCold    . . .     Gourm    .   (shield restricted)
rNeg     . . .     Faith    .   X - +0 troll leather armour
rPois    +         Spirit   .   (helmet restricted)
rElec    +         Reflect  .   V - +2 cloak {Stlth+}
rCorr    .         Harm     .   (gloves unavailable)
MR       ++...                  (boots unavailable)
Stlth    ++++......             W - amulet of magic regeneration
HPRegen  0.62/turn              P - +4 ring of slaying
MPRegen  0.49/turn              M - ring of the Middle {*Drain +Fly rElec EV+4 Dex+7}

@: singing, frozen ramparts, very quick
A: very small, unfitting armour, see invisible, herbivore, speed 3, slow
metabolism 2
a: Channel Magic, Forget Spell, Divine Exegesis, Renounce Religion, Evoke Flight


You were on level 1 of the Spider Nest.
You worshipped Sif Muna.
Sif Muna was extremely pleased with you.
You were not hungry.

You visited 6 branches of the dungeon, and saw 26 of its levels.
You also visited: Ice Cave.

You collected 2369 gold pieces.
You spent 426 gold pieces at shops.

Inventory:

Hand Weapons
 a - a +5 falchion of protection
 h - a +1 long sword of holy wrath
 q - a +2 demon trident of electrocution
 s - the +8 whip "Snakebite" (weapon) {curare, rPois}
   (You found it on level 2 of the Lair of Beasts)

   It poisons the flesh of those it strikes.
   It protects you from poison.
 v - a +2 dagger of venom
Missiles
 b - 58 poisoned darts (quivered)
 y - 7 curare-tipped darts
 I - 59 boomerangs
Armour
 f - a scarf of invisibility
 O - a +2 robe of cold resistance
 V - a +2 cloak of stealth (worn)
 X - a +0 troll leather armour (worn)
Jewellery
 o - an uncursed ring of ice
 t - an uncursed amulet of regeneration
 C - an uncursed ring of wizardry
 D - an uncursed ring of stealth
 M - the ring of the Middle (right hand) {*Drain +Fly rElec EV+4 Dex+7}
   (You acquired it on level 11 of the Dungeon)

   [ring of evasion]

   It affects your evasion (+4).
   It affects your dexterity (+7).
   It insulates you from electricity.
   It lets you fly.
   It causes draining when unequipped.
 N - an uncursed ring of ice
 P - a +4 ring of slaying (left hand)
 W - an amulet of magic regeneration (around neck)
 Z - a +4 ring of evasion
Wands
 i - a wand of polymorph (6)
 m - a wand of disintegration (14)
 z - a wand of paralysis (18)
 J - a wand of clouds (11)
 K - a wand of iceblast (15)
 U - a wand of flame (48)
Scrolls
 d - a scroll of amnesia
 j - 2 scrolls of enchant armour
 k - 12 scrolls of teleportation
 l - 4 scrolls of magic mapping
 r - 2 scrolls of holy word
 w - 6 scrolls of remove curse
 A - 7 scrolls of enchant weapon
 B - 4 scrolls of blinking
 E - a scroll of identify
 H - a scroll of silence
 Y - 2 scrolls of vulnerability
Potions
 e - 6 potions of stabbing
 g - 4 potions of lignification
 n - 4 potions of curing
 u - a potion of might
 x - 2 potions of mutation
 F - 2 potions of magic
 L - 3 potions of flight
 Q - 3 potions of haste
 R - 7 potions of cancellation
 S - 4 potions of brilliance
 T - 2 potions of ambrosia
Comestibles
 c - 33 rations


   Skills:
 - Level 3.3 Fighting
 - Level 10.2(11.1) Short Blades
 + Level 5.4(7.5) Long Blades
 + Level 6.3 Maces & Flails
 + Level 2.6 Throwing
 + Level 5.0 Armour
 + Level 10.6 Dodging
 - Level 8.2 Stealth
 + Level 14.8 Spellcasting
 + Level 4.3 Conjurations
 - Level 6.5 Charms
 - Level 8.6 Necromancy
 - Level 4.1 Translocations
 * Level 5.0 Fire Magic
 + Level 6.2 Ice Magic
 * Level 6.1 Invocations
 + Level 14.1 Evocations


You had 11 spell levels left.
You knew the following spells:

 Your Spells              Type           Power        Failure   Level  Hunger
a - Ozocubu's Armour      Chrm/Ice       #####...     1%          3    None
b - Blink                 Tloc           N/A          1%          2    None
c - Fireball              Conj/Fire      ####......   26%         5    ###....
d - Vampiric Draining     Necr           #####.....   1%          3    None
e - Searing Ray           Conj           ####..       1%          2    None
f - Conjure Flame         Conj/Fire      ####....     2%          3    None
g - Shroud of Golubria    Chrm/Tloc      #####.       1%          2    None
r - Frozen Ramparts       Ice            #####.       1%          3    None
s - Song of Slaying       Chrm           #####...     1%          2    None
u - Dispel Undead         Necr           #####...     1%          4    None
y - Sticky Flame          Conj/Fire      ####....     9%          4    None

Your spell library contained the following spells:

 Spells                   Type           Power        Failure   Level  Hunger
 Animate Skeleton         Necr           N/A          1%          1    None
 Foxfire                  Conj/Fire      ####         1%          1    None
 Freeze                   Ice            ####         1%          1    None
 Infusion                 Chrm           ####         1%          1    None
 Magic Dart               Conj           ####         1%          1    None
 Pain                     Necr           ####         1%          1    None
 Corpse Rot               Necr/Air       N/A          1%          2    None
 Sublimation of Blood     Necr           #####.....   1%          2    None
 Animate Dead             Necr           N/A          1%          4    None
 Lesser Beckoning         Tloc           ####......   3%          3    None
 Spectral Weapon          Hex/Chrm       ####....     4%          3    None
 Agony                    Necr           #####...     4%          5    ###....
 Beastly Appendage        Tmut           ##....       6%          1    None
 Inner Flame              Hex/Fire       ###.....     7%          3    None
 Hailstorm                Conj/Ice       #####...     7%          4    None
 Dazzling Flash           Conj/Hex       ###...       8%          3    None
 Recall                   Summ/Tloc      N/A          8%          3    None
 Stone Arrow              Conj/Erth      ###...       8%          3    None
 Excruciating Wounds      Chrm/Necr      #####.....   8%          5    ###....
 Call Imp                 Summ           ##......     10%         2    None
 Sticks to Snakes         Tmut           ##......     10%         2    None
 Iskenderun's Mystic Bla  Conj/Tloc      ####....     11%         4    None
 Passage of Golubria      Tloc           N/A          12%         4    None
 Ice Form                 Ice/Tmut       ####....     17%         4    None
 Summon Ice Beast         Ice/Summ       ####....     17%         4    None
 Spider Form              Tmut/Pois      ##........   19%         3    None
 Summon Guardian Golem    Hex/Summ       ##......     19%         3    None
 Fulminant Prism          Conj/Hex       ###.......   26%         4    None
 Death Channel            Necr           #####.....   26%         6    #####..
 Bolt of Magma            Conj/Fire/Erth ####......   43%         5    ###....
 Lightning Bolt           Conj/Air       ###.......   56%         5    ###....
 Summon Forest            Summ/Tloc      ###.......   58%         5    ###....
 Alistair's Intoxication  Tmut/Pois      ##......     86%         5    ###....
 Aura of Abjuration       Summ           ##........   86%         5    ###....
 Blade Hands              Tmut           ##........   86%         5    ###....
 Silence                  Hex/Air        ##........   86%         5    ###....
 Summon Mana Viper        Hex/Summ       ##......     86%         5    ###....
 Conjure Ball Lightning   Conj/Air       ###.......   98%         6    #####..
 Ring of Flames           Chrm/Fire      #####.....   99%         7    ######.
 Spellforged Servitor     Conj/Summ      ###.......   100%        7    ######.
 Summon Greater Demon     Summ           ##........   100%        7    ######.
 Controlled Blink         Tloc           N/A          100%        8    #######
 Death's Door             Chrm/Necr      #####.....   100%        8    #######
 Lehudib's Crystal Spear  Conj/Erth      ###.......   100%        8    #######
 Necromutation            Tmut/Necr      ####......   100%        8    #######
 Dragon's Call            Summ           ##........   100%        9    #######


Dungeon Overview and Level Annotations

Branches:
Dungeon (15/15)            Temple (1/1) D:7            Lair (6/6) D:8
 Shoals (1/4) Lair:4       Spider (1/4) Lair:3        Slime (0/5) Lair:6
    Orc (2/2) D:11            Elf (0/3) Orc:2        Vaults (0/5) D:14
 Depths (0/5) D:15          IceCv (visited)

Altars:
Dithmenos
Elyvilon
Fedhas
Makhleb
Nemelex Xobeh
Okawaru
Qazlal
Sif Muna
Trog
Wu Jian
Xom
Zin
The Shining One
Beogh
Jiyva

Shops:
D:7 ?   D:10 =   Orc:2 *%*}(

Portals:
Pandemonium: Orc:2

Annotations:
D:13 2 runed translucent doors, Deukiw's ghost, journeyman SpEn
D:14 3 runed translucent doors, Ficoysum's ghost, journeyman GnWn
Spider:1 1 transporter, Agnes
Orc:2 2 transporters, HungrySpirit's ghost, journeyman GnAs


Innate Abilities, Weirdness & Mutations

You are very small and have problems with some larger weapons.
You are too small for most types of armour.
You have supernaturally acute eyesight. (SInv)
You are a herbivore.
You cover ground extremely quickly.
You need to consume almost no food.


Message History

You throw a poisoned dart. The poisoned dart hits Agnes.
Agnes is poisoned.
Agnes resists.
The wall freezes Agnes.
The wall freezes Agnes but do no damage.
You miss Agnes.
Agnes is lightly wounded.
Your icy armour evaporates.
Agnes resists.
The wall freezes Agnes.
Agnes hits you with a +0 lajatang!!
Casting: Frozen Ramparts (safe; 1% risk of failure)
Confirm with . or Enter, or press ? or * to list all spells.
Aiming: Vampiric Draining (safe; 1% risk of failure)
Press: ? - help, Shift-Dir - straight line, f/p - Agnes
Aim: Agnes, wielding a +0 lajatang, wearing a +0 robe and wearing an uncursed ring of protection from cold (lightly wounded, poisoned) Agnes is lightly wounded.
You feel life coursing into your body.
Agnes resists.
The wall freezes Agnes.
Agnes hits you with a +0 lajatang!!
* * * LOW HITPOINT WARNING * * *
Agnes completely resists.
The wall freezes Agnes but do no damage.
Agnes hits you with a +0 lajatang!!
You die...

#.....................
####.....#...##.#.......
.##..#...^............%.
..#......#..............
...#.....^.#.......#.#..
.....#....^..##..(......
#......#........†#######
.........#.#^..#i#!#.#.#
....#...........@##.#.#.
.#...#.#..#....††#^#.#!#
........#.#.#.##.##.#.#.
.................#.#.#.#
...#.....#........#.#.#?
......<#.......#.#######
....#†.##.#.#.##(.......
.#^.#.###############..
..#.†##


You could see Agnes (poisoned).

Vanquished Creatures
  A ghost moth (Spider:1)
  An orc warlord (Orc:2)
  4 entropy weavers
  2 fire dragons (D:15)
  Fannar (Lair:2)
  5 hydras
  An ogre mage (D:15)
  A vault guard (D:14)
  7 two-headed ogres
  2 catoblepae
  A centaur warrior (D:13)
  11 death yaks
  A deep troll shaman (Lair:6)
  A queen ant (Lair:6)
  A death knight (D:13)
  A tengu warrior (D:13)
  Urug (Orc:2)
  5 orc high priests (Orc:2)
  A sun demon (Orc:2)
  A deep elf knight (D:14)
  5 skeletal warriors
  2 unseen horrors
  2 wizards (D:14)
  An infernal demonspawn (Orc:2)
  Pikel (D:6)
  A lindwurm (Lair:6)
  2 torturous demonspawn (Orc:2)
  A phantasmal warrior (D:13)
  13 ugly things
  6 orc knights
  4 necromancers
  8 orc sorcerers (Orc:2)
  3 cyclopes
  A deep elf mage (D:15)
  5 wolf spiders (Spider:1)
  A rust devil (Orc:2)
  5 manticores
  Maurice (D:10)
  2 ice statues (IceCv)
  2 black mambas
  4 elephants (Lair:6)
  A torpor snail (Lair:6)
  A gargoyle (D:13)
  A smoke demon (Orc:2)
  2 orange demons (Orc:2)
  A rime drake (shapeshifter) (D:15)
  3 komodo dragons
  3 kobold demonologists (D:13)
  9 spiny frogs
  A rime drake (Lair:5)
  2 demonic crawlers (Spider:1)
  An efreet (D:13)
  An ice devil (Orc:2)
  12 jumping spiders
  4 polar bears
  5 trolls
  A queen bee (Lair:3)
  A hornet (Spider:1)
  10 slime creatures
  10 hippogriffs
  6 blink frogs
  5 tarantellas
  A spriggan (D:7)
  2 wyverns
  A centaur simulacrum (D:15)
  A vampire (D:14)
  29 redbacks
  3 wraiths
  15 humans (D:14)
  23 yaks
  6 basilisks
  A steam dragon (D:12)
  Grum (D:9)
  2 hungry ghosts
  3 vampire mosquitoes (Spider:1)
  18 water moccasins
  7 wargs
  An acid dragon (D:14)
  6 soldier ants
  8 porcupines
  A slave (D:6)
  2 sky beasts
  2 black bears
  19 ice beasts
  36 orc warriors
  3 phantoms
  12 ogres
  An elephant zombie (Lair:4)
  2 necrophages
  17 centaurs
  10 wolves
  9 crocodiles
  3 big kobolds
  Blork the orc (D:5)
  17 bullfrogs
  A scorpion (D:14)
  35 killer bees
  5 wights (D:14)
  3 electric eels
  4 crimson imps
  A bullfrog zombie (D:11)
  A basilisk zombie (Lair:4)
  3 hounds
  6 jellies
  27 orc priests
  6 centaur skeletons
  23 orc wizards
  5 centaur zombies
  2 bullfrog skeletons
  4 iguanas
  23 worker ants
  A killer bee zombie (D:7)
  7 gnolls
  11 adders
  4 shadow imps
  An ooze (D:4)
  2 adder skeletons (D:8)
  7 worms
  2 dart slugs (D:2)
  4 leopard geckos
  97 orcs
  4 giant cockroaches
  2 goblins (D:2)
  10 hobgoblins
  19 jackals
  5 quokkas
  A ball python (D:6)
  2 bats (D:3)
  6 frilled lizards
  A jackal skeleton (D:4)
  20 kobolds
  A leopard gecko skeleton (D:4)
  9 rats
  A bush (D:1)
  A butterfly (Lair:5)
829 creatures vanquished.

Vanquished Creatures (others)
  An ice beast (D:13)
  A slave (D:7)
  An orc wizard (D:4)
  5 fungi
  4 plants
12 creatures vanquished.

Grand Total: 841 creatures vanquished

Notes
Turn   | Place    | Note
-------+----------+-------------------------------------------
     0 | D:1      | Esekla the Spriggan Necromancer began the quest for the
                  | Orb.
     0 | D:1      | Reached XP level 1. HP: 9/9 MP: 5/5
   921 | D:1      | Reached XP level 2. HP: 12/13 MP: 6/6
  1803 | D:3      | Reached skill level 1 in Short Blades
  1808 | D:3      | Reached XP level 3. HP: 9/16 MP: 2/8
  1811 | D:3      | Found an ornate altar of the Wu Jian Council.
  1973 | D:3      | Learned a level 3 spell: Vampiric Draining
  2139 | D:4      | Reached XP level 4. HP: 17/21 MP: 8/10
  2148 | D:4      | Reached skill level 1 in Evocations
  2273 | D:5      | Entered Level 5 of the Dungeon
  2419 | D:5      | Found a white marble altar of Elyvilon.
  2433 | D:5      | Noticed a centaur
  2444 | D:5      | Killed a centaur
  2444 | D:5      | Reached XP level 5. HP: 22/24 MP: 4/12
  2511 | D:5      | Noticed Blork the orc
  2533 | D:5      | Killed Blork the orc
  2749 | D:4      | Reached XP level 6. HP: 28/28 MP: 13/13
  3441 | D:5      | Found a blossoming altar of Fedhas.
  3837 | D:5      | Found a shimmering blue altar of Sif Muna.
  3940 | D:6      | Reached skill level 5 in Spellcasting
  4008 | D:6      | Reached XP level 7. HP: 30/32 MP: 13/15
  4103 | D:6      | Found a glowing silver altar of Zin.
  4257 | D:6      | Reached skill level 5 in Short Blades
  4400 | D:6      | Noticed a hippogriff
  4419 | D:6      | Killed a hippogriff
  4419 | D:6      | Reached skill level 1 in Fighting
  4467 | D:5      | Became a worshipper of Sif Muna the Loreminder
  5188 | D:2      | Found a shadowy altar of Dithmenos.
  5258 | D:2      | Found a burning altar of Makhleb.
  5394 | D:2      | Found a stormy altar of Qazlal.
  5404 | D:2      | Found a bloodstained altar of Trog.
  5572 | D:3      | Reached XP level 8. HP: 37/37 MP: 17/17
  5992 | D:2      | Reached * piety under Sif Muna
  6050 | D:2      | Found a faded altar of an unknown god.
  7200 | D:7      | Found a sparkling altar of Nemelex Xobeh.
  7288 | D:7      | Noticed Pikel
  7342 | D:6      | Killed Pikel
  7342 | D:6      | Reached skill level 5 in Dodging
  7342 | D:6      | Reached skill level 5 in Necromancy
  7522 | D:7      | Found a staircase to the Ecumenical Temple.
  7522 | D:7      | Found Huhas's Magic Scroll Shop.
  7533 | D:7      | Bought a scroll of teleportation for 33 gold pieces
  7533 | D:7      | Bought a scroll of remove curse for 33 gold pieces
  7621 | D:7      | Reached skill level 5 in Evocations
  7663 | D:7      | Reached XP level 9. HP: 39/42 MP: 2/19
  7675 | D:7      | Reached skill level 5 in Stealth
  8049 | D:8      | Reached ** piety under Sif Muna
  8051 | D:8      | Found a staircase to the Lair.
  8142 | D:8      | Noticed a four-headed hydra
  8148 | D:8      | Identified the +3 ring mail "Fuacroll" {rN+ Regen+ MP-9}
  8512 | Temple   | Entered the Ecumenical Temple
  8832 | D:8      | You fall into a shaft and drop 2 floors!
  8832 | D:10     | Entered Level 10 of the Dungeon
  8873 | D:10     | Noticed a brown ugly thing
  9051 | D:9      | Got a pitted short sword
  9054 | D:9      | Identified the cursed +3 short sword of the Snake Pit
                  | {speed, rPois rC- MR++ Dex-2} (You found it on level 9 of
                  | the Dungeon)
  9562 | D:8      | Reached XP level 10. HP: 15/47 MP: 2/22
 10062 | Lair:1   | Entered Level 1 of the Lair of Beasts
 10347 | Lair:1   | Noticed a spiny frog
 10440 | Lair:1   | Noticed a black mamba
 10454 | Lair:1   | Killed a black mamba
 10574 | Lair:1   | Learned a level 2 spell: Song of Slaying
 10578 | Lair:1   | Learned a level 3 spell: Ozocubu's Armour
 10651 | Lair:1   | Reached *** piety under Sif Muna
 10678 | Lair:1   | Noticed a spiny frog
 10751 | Lair:1   | Killed a spiny frog
 10751 | Lair:1   | Reached skill level 1 in Charms
 10814 | Lair:1   | Reached skill level 10 in Short Blades
 10962 | Lair:1   | Killed a spiny frog
 10962 | Lair:1   | Reached skill level 1 in Ice Magic
 11502 | Lair:2   | Found the +8 whip "Snakebite" {curare, rPois}
 11684 | Lair:2   | Noticed Fannar
 11720 | Lair:2   | Killed Fannar
 11720 | Lair:2   | Reached XP level 11. HP: 28/51 MP: 21/25
 11886 | Lair:2   | Reached skill level 1 in Maces & Flails
 12699 | Lair:3   | Noticed a five-headed hydra
 12930 | Lair:3   | Reached skill level 5 in Charms
 12932 | Lair:3   | Found a hole to the Spider Nest.
 12946 | Spider:1 | Entered Level 1 of the Spider Nest
 12946 | Spider:1 | Noticed an entropy weaver
 12988 | Lair:3   | Reached skill level 10 in Spellcasting
 13404 | Lair:2   | Identified a scroll of acquirement
 13653 | Lair:4   | Reached **** piety under Sif Muna
 13919 | Lair:4   | Noticed a necromancer
 14066 | Lair:4   | Noticed an eight-headed hydra
 14276 | D:9      | Noticed Grum
 14436 | D:9      | Killed Grum
 14636 | D:9      | Learned a level 2 spell: Shroud of Golubria
 14639 | D:9      | Learned a level 2 spell: Searing Ray
 14835 | D:10     | Noticed a two-headed ogre
 14857 | D:10     | Killed a two-headed ogre
 14857 | D:10     | Reached skill level 1 in Translocations
 15124 | D:10     | Found Niqaefagol's Jewellery Boutique.
 15125 | D:10     | Noticed Maurice
 15141 | D:10     | Killed Maurice
 15214 | D:10     | Bought an uncursed amulet of magic regeneration for 360
                  | gold pieces
 15343 | D:10     | Reached XP level 12. HP: 56/56 MP: 27/27
 15504 | D:11     | Noticed a two-headed ogre
 15523 | D:11     | Killed a two-headed ogre
 15523 | D:11     | Reached ***** piety under Sif Muna
 15523 | D:11     | Identified Sif Muna's Guide on Shifting Dislocation (Sif
                  | Muna gifted it to you on level 11 of the Dungeon)
 15523 | D:11     | Received a gift from Sif Muna
 15534 | D:11     | Reached skill level 1 in Conjurations
 16032 | D:11     | Found a staircase to the Orcish Mines.
 16790 | D:11     | Noticed a two-headed ogre
 16802 | D:11     | Killed a two-headed ogre
 16837 | D:11     | Got the ring of the Middle {*Drain +Fly rElec EV+4 Dex+7}
 18483 | Lair:3   | Killed a five-headed hydra
 18483 | Lair:3   | Reached skill level 1 in Armour
 18558 | Lair:4   | Killed an eight-headed hydra
 19314 | Lair:4   | Noticed a death yak
 19315 | Lair:4   | Noticed a death yak
 19315 | Lair:4   | Noticed a death yak
 19315 | Lair:4   | Noticed a death yak
 19322 | Lair:4   | Noticed a death yak
 19342 | Lair:4   | Killed a death yak
 19342 | Lair:4   | Reached skill level 10 in Evocations
 19342 | Lair:4   | Reached XP level 13. HP: 60/60 MP: 26/30
 19505 | Lair:4   | Received a gift from Sif Muna
 19513 | Lair:4   | Learned a level 3 spell: Frozen Ramparts
 19845 | Lair:4   | Found a staircase to the Shoals.
 19872 | Shoals:1 | Entered Level 1 of the Shoals
 20175 | Lair:5   | Found a glowing golden altar of the Shining One.
 20686 | Lair:6   | Entered Level 6 of the Lair of Beasts
 21596 | Lair:6   | Noticed an entropy weaver
 21599 | Lair:6   | Noticed an entropy weaver
 21824 | Lair:6   | Killed an entropy weaver
 21832 | Lair:6   | Killed an entropy weaver
 22111 | Lair:6   | Reached skill level 1 in Throwing
 22213 | Lair:6   | Reached XP level 14. HP: 48/65 MP: 12/31
 22309 | Lair:6   | Reached skill level 5 in Maces & Flails
 22383 | Lair:6   | Reached skill level 5 in Ice Magic
 22421 | Lair:6   | Learned a level 4 spell: Sticky Flame
 22425 | Lair:6   | Learned a level 3 spell: Conjure Flame
 22431 | Lair:6   | Learned a level 5 spell: Fireball
 22713 | Lair:6   | Found a viscous altar of Jiyva.
 22713 | Lair:6   | Found a staircase to the Slime Pits.
 23084 | Orc:1    | Entered Level 1 of the Orcish Mines
 23253 | Orc:2    | Entered Level 2 of the Orcish Mines
 23375 | Orc:2    | Found a roughly hewn altar of Beogh.
 23584 | Orc:2    | Found a staircase to the Elven Halls.
 23691 | Orc:2    | Received a gift from Sif Muna
 23697 | Orc:2    | Found Laoleoz's General Store.
 23800 | Orc:2    | Reached skill level 1 in Invocations
 23880 | Orc:2    | Found Deetarch's Food Boutique.
 24152 | Orc:2    | Noticed an orc warlord
 24213 | Orc:2    | Killed an orc warlord
 24322 | Orc:2    | Reached skill level 1 in Fire Magic
 24462 | Orc:2    | Reached skill level 1 in Long Blades
 24666 | Orc:2    | Noticed HungrySpirit's ghost (journeyman GnAs)
 24667 | Orc:2    | Found a transporter.
 24667 | Orc:2    | Found a transporter.
 24669 | Orc:2    | Identified the +4 dire flail "Toqexuf" {venom, *Corrode
                  | rElec Str+2}
 24669 | Orc:2    | Identified the +8 great mace of Dyurgh {vamp, *Noise rF+
                  | Int+3}
 24719 | Orc:2    | Found Siesumue's Assorted Antiques.
 24790 | Orc:2    | HP: 2/65 [orc warrior/+0 trident[an orc high priest] (13)]
 25387 | Orc:2    | Identified Sif Muna's Incunabulum of Darkness and
                  | Dislocation (Sif Muna gifted it to you on level 2 of the
                  | Orcish Mines)
 25387 | Orc:2    | Received a gift from Sif Muna
 25392 | Orc:2    | Learned a level 2 spell: Blink
 25599 | Orc:2    | Found Ato Sume's Gadget Shoppe.
 25599 | Orc:2    | Found a one-way gate leading to the halls of Pandemonium.
 25599 | Orc:2    | Found Dubyz's Antique Weapon Emporium.
 25700 | Orc:2    | Noticed Urug
 25715 | Orc:2    | Killed Urug
 26003 | Orc:1    | Found a roughly hewn altar of Beogh.
 26783 | D:13     | Found a runed translucent door.
 26797 | D:13     | Noticed a fire giant
 26798 | D:13     | Found the +7 lajatang of Order {silver, rMut}
 26798 | D:13     | Identified the +7 mace "Ogojalext" {chaos, Str+9}
 26799 | D:13     | Found the +6 shillelagh "Devastator" {shatter}
 26808 | D:13     | Found a frozen archway.
 26930 | IceCv    | Entered an ice cave
 26942 | IceCv    | Reached XP level 15. HP: 68/68 MP: 16/33
 26981 | IceCv    | Found a transporter.
 27014 | IceCv    | Found a transporter.
 27017 | IceCv    | Identified Qiofecke's Guide on Arcane Weapons and Talismans
                  | (Sif Muna gifted it to you in an ice cave)
 27017 | IceCv    | Received a gift from Sif Muna
 27581 | D:13     | Noticed a ghost moth
 27581 | D:13     | an ettin changed into a ghost moth
 28226 | D:13     | Learned a level 4 spell: Dispel Undead
 28374 | D:13     | Found a runed translucent door.
 28374 | D:13     | Noticed Deukiw's ghost (journeyman SpEn)
 28585 | D:14     | Found a runed translucent gate.
 28585 | D:14     | Found a runed translucent gate.
 28588 | D:14     | Found a runed translucent gate.
 28601 | D:14     | Noticed Ficoysum's ghost (journeyman GnWn)
 29343 | D:14     | Identified Sif Muna's Grimoire of Entrancing Orientation
                  | (Sif Muna gifted it to you on level 14 of the Dungeon)
 29343 | D:14     | Received a gift from Sif Muna
 29437 | D:14     | Found a gate to the Vaults.
 29477 | D:14     | Reached skill level 10 in Dodging
 29755 | D:15     | Entered Level 15 of the Dungeon
 29799 | D:15     | Reached skill level 5 in Invocations
 29820 | D:15     | Reached skill level 5 in Long Blades
 30607 | D:15     | Found a staircase to the Depths.
 31049 | Lair:3   | Reached skill level 5 in Armour
 31299 | Spider:1 | Identified Sif Muna's Collected Works on Cloudy Companions
                  | (Sif Muna gifted it to you on level 1 of the Spider Nest)
 31299 | Spider:1 | Received a gift from Sif Muna
 31328 | Spider:1 | Reached XP level 16. HP: 60/72 MP: 23/35
 31666 | Spider:1 | Found a transporter.
 31747 | Spider:1 | Reached skill level 5 in Fire Magic
 31767 | Spider:1 | Noticed Agnes
 31773 | Spider:1 | Slain by Agnes

Illustrated notes

Levels and vault maps discovered:
D:1:      minmay_arrival_stone_box, layout_loops_corners, serial_forest,
          infiniplex_forest_lined_ring, infiniplex_forest_end_double,
          infiniplex_forest_straight_4, infiniplex_forest_end_2,
          infiniplex_forest_clump_curved, infiniplex_forest_lined_2
D:2:      layout_basic, nicolae_dithmenos_through_a_glass_darkly,
          lightli_temple_of_fire, amethyst_overflow_temple_binary,
          chequers_ecumenical_altar_twisty
D:3:      layout_loops_ring, lemuel_round_altar, first_ration
D:4:      layout_basic, minivault_14
D:5:      layout_loops_ring, overflow_temple_1_default,
          nicolae_overflow_hidden_temple, lemuel_crystal_altar,
          uniq_blork_the_orc
D:6:      layout_loops_ring, kennysheep_mini_moat
D:7:      layout_basic, nemelex_xobeh_ov_fountains_minmay,
          minmay_temple_entry_mist, serial_shops, shop,
          chequers_serial_rivers_micro_b, the_bakery, minmay_misc_feat_x,
          uniq_pikel
D:8:      layout_basic, lair_entry_dummy
D:9:      layout_roguey, kennysheep_generic_room_3, uniq_grum
D:10:     layout_roguey, serial_shops, shop, uniq_maurice
D:11:     layout_stronghold, minmay_orc_entry_guard_dogs
D:12:     layout_loops_ring
D:13:     layout_stronghold, ebering_ghost_reflecting_pool,
          portal_ice_cave_entry_ice_beasts, minmay_st_funbox,
          kennysheep_generic_room_9
D:14:     layout_roguey, grunt_vaults_entry_tiered, ebering_ghost_rock_garden,
          minmay_misc_feat_ornament, serial_curves, eino_curves_01,
          eino_curves_01
D:15:     grunt_enter_depths_hoard, layout_loops_cross, hangedman_decor_points
Temple:   nicolae_temple_hex_pool
Lair:1:   layout_cave_pods, infiniplex_staircase_pool
Lair:2:   minmay_guarded_unrand_snakebite, layout_small_grid, uniq_fannar
Lair:3:   layout_cave_pods, spider_nest_entry_web_field, special_room
          [special_room_bee], cheibrodos_lair_caveside_slide
Lair:4:   pond_and_an_island_with_a_cottage, layout_hall_layers,
          elwin_shoals_entry_rocks, lemuel_fruit_tree,
          infiniplex_staircase_pool_2
Lair:5:   layout_regular_city, lemuel_altar_in_water2, lemuel_fruit_fields
Lair:6:   grunt_lair_end_beastmaster, layout_cave_pods,
          dpeg_slime_entry_enclosed_altar, wad_woods_antlair,
          serial_bayou_shore_b
Shoals:1: layout_shoals, nicolae_shoals_flooded_hall, uniq_louise, uniq_kirke
Spider:1: layout_spider_delve, gammafunk_ghost_abyssal_escape,
          einodemon_crawler_minivault, uniq_agnes
Orc:1:    layout_caves, mines2_david
Orc:2:    pf_orc_diabolical, layout_caves, gammafunk_ghost_smash, serial_shops,
          shop_statue, basic_altar, uniq_urug

Skill      XL: |  1  2  3  4  5  6  7  8  9 10 11 12 13 14 15 16 |
---------------+-------------------------------------------------+-----
Necromancy     | 4 5 6 7 8 |  8.6
Spellcasting   | 3 4 5 6 7 9 10 12 13 14 | 14.8
Short Blades   | 1 2 3 4 6 7 9 10 | 10.2
Evocations     | 1 2 3 5 6 7 8 10 14 | 14.1
Stealth        | 4 5 6 7 8 |  8.2
Dodging        | 4 5 6 7 8 9 10 | 10.6
Fighting       | 1 2 3 |  3.3
Charms         | 4 6 |  6.5
Ice Magic      | 1 3 4 5 6 |  6.2
Maces & Flails | 2 4 6 |  6.3
Translocations | 1 4 |  4.1
Conjurations   | 3 4 |  4.3
Armour         | 1 2 3 5 |  5.0
Throwing       | 1 2 |  2.6
Invocations    | 4 5 6 |  6.1
Fire Magic     | 3 4 5 |  5.0
Long Blades    | 1 5 |  5.4

Action                   |  1- 3 |  4- 6 |  7- 9 | 10-12 | 13-15 | 16-18 || total
-------------------------+-------+-------+-------+-------+-------+-------++-------
Melee: Short sword       |   231 |   131 |   735 |   472 |    58 |       ||  1627
       Whip              |       |       |       |   457 |   599 |    41 ||  1097
       Dagger            |       |       |       |    44 |    25 |     4 ||    73
       Falchion          |       |       |       |       |   289 |    10 ||   299
       Long sword        |       |       |       |       |    98 |       ||    98
       Demon trident     |       |       |       |       |     7 |       ||     7
Throw: Dart              |     1 |     8 |    12 |    38 |    84 |    11 ||   154
       Boomerang         |       |       |     2 |     9 |     8 |       ||    19
 Cast: Pain              |    19 |       |       |       |       |       ||    19
       Vampiric Draining |       |    11 |    39 |   103 |   104 |     6 ||   263
       Ozocubu's Armour  |       |       |       |    53 |    73 |     3 ||   129
       Shroud of Golubri |       |       |       |     4 |    24 |     2 ||    30
       Searing Ray       |       |       |       |     9 |     4 |     2 ||    15
       Song of Slaying   |       |       |       |     4 |    22 |     2 ||    28
       Frozen Ramparts   |       |       |       |       |    89 |     9 ||    98
       Sticky Flame      |       |       |       |       |    74 |     5 ||    79
 Abil: Stop Flying       |       |       |       |     1 |     2 |       ||     3
       Evoke Flight      |       |       |       |     1 |     2 |       ||     3
Evoke: Wand              |       |       |       |       |     5 |       ||     5
  Use: Scroll            |       |     2 |     8 |    11 |    20 |     2 ||    43
       Potion            |       |       |     2 |     1 |    14 |     1 ||    18
 Stab: Sleeping          |     1 |     7 |    17 |    34 |    23 |     2 ||    84
       Distracted        |       |       |       |     4 |     2 |       ||     6
       Invisible         |       |       |       |       |     3 |       ||     3
  Eat: Ration            |       |     1 |     7 |     6 |     6 |     1 ||    21
Armor: Robe              |    16 |    22 |    93 |   109 |     3 |       ||   243
       Skin              |       |       |    13 |     6 |    14 |       ||    33
       Troll leather arm |       |       |       |    39 |   188 |    23 ||   250
Dodge: Dodged            |    62 |    87 |   547 |   967 |  1871 |   145 ||  3679
       Rpst.: Falchion   |       |       |       |       |   145 |     6 ||   151
       Long sword        |       |       |       |       |    32 |       ||    32
